 Dungeon Crawl Stone Soup version 0.28-a0-1429-gf3d713df7a (webtiles) character file.

Game seed: 12993669104420417519

4 Cheeritup the Caller (level 1, 0/10 HPs)
             Began as a Tengu Summoner on Jan 8, 2022.
             Slain by a kobold (5 damage)
             ... on level 1 of the Dungeon.
             The game lasted 00:01:07 (434 turns).

Cheeritup the Caller (Tengu Summoner)                Turns: 434, Time: 00:01:07

Health: 0/10       AC:  2    Str:  8    XL:     1   Next: 60%
Magic:  4/4        EV: 12    Int: 15    God:
Gold:   0          SH:  0    Dex: 14    Spells: 3/4 levels left

rFire   . . .      SeeInvis .   e - +0 club
rCold   . . .      Faith    .   (no shield)
rNeg    . . .      Spirit   .   a - +0 robe
rPois   .          Reflect  .   (helmet restricted)
rElec   .          Harm     .   (no cloak)
rCorr   .          Rampage  .   (no gloves)
Will    .....                   (boots unavailable)
Stlth   +.........              (no amulet)
HPRegen 0.03/turn               (no ring)
MPRegen 0.09/turn               (no ring)

@: very slow
A: beak, talons 3
a: no special abilities


You were on level 1 of the Dungeon.
You visited 1 branch of the dungeon, and saw 1 of its levels.

Inventory:

Hand Weapons
 b - a +0 hunting sling
 e - a +0 club (weapon)
Armour
 a - a +0 robe (worn)
Scrolls
 f - a scroll of magic mapping {unknown}
Potions
 c - 2 potions of heal wounds {unknown}
 d - a potion of degeneration {unknown}


   Skills:
 - Level 2.1 Dodging
 - Level 2.0 Stealth
 - Level 2.0 Spellcasting
 + Level 5.1 Summonings


You had 3 spell levels left.
You knew the following spells:

 Your Spells              Type           Power      Damage    Failure   Level
a - Summon Small Mammal   Summ           64%        N/A       2%          1

Your spell library contained the following spells:

 Spells                   Type           Power      Damage    Failure   Level
 Call Imp                 Summ           16%        N/A       4%          2
 Call Canine Familiar     Summ           16%        N/A       9%          3
 Summon Guardian Golem    Hex/Summ       9%         N/A       24%         3
 Summon Lightning Spire   Summ/Air       9%         N/A       61%         4


Dungeon Overview and Level Annotations

Branches:
Dungeon (1/15)

Altars:


Innate Abilities, Weirdness & Mutations

You have a beak for a mouth.
You have claws for feet.


Message History

You open the door.
There is an open door here.
You enter the shallow water.
Moving in this stuff is going to be slow.
You open the door.
A kobold comes into view. It is wielding a +0 short sword.
There is an open door here.
An endoplasm comes into view.
The endoplasm quivers.
The endoplasm freezes you.
You are frozen.
You barely miss the endoplasm. Your bat hits the endoplasm.
The endoplasm closely misses you.
Your bat hits the endoplasm but does no damage.
You hit the endoplasm.
The endoplasm is severely wounded.
Your bat hits the endoplasm. The endoplasm freezes you.
You are frozen.
You hit the endoplasm.
You kill the endoplasm!
The kobold shouts!
There is an open door here.
A kobold is nearby!
You enter the shallow water.
Moving in this stuff is going to be slow.
A kobold is nearby!
The kobold completely misses your bat.
The kobold hits your bat with a +0 short sword.
Your bat closely misses the kobold.
Your bat hits the kobold but does no damage.
You barely miss the kobold. You peck the kobold, but do no damage.
Your bat barely misses the kobold.
The kobold hits you with a +0 short sword.
The kobold barely misses you.
You hit the kobold but do no damage. You peck the kobold, but do no damage.
Your bat barely misses the kobold.
The kobold hits you with a +0 short sword.
Ouch! That really hurt!
You die...

## .. #. #####.########
........#≈≈≈≈#
.......b#≈≈≈≈###
#####.#.K@≈≈≈'.#
........#≈≈≈≈#.#
###...#.#≈≈≈≈#.#
#.....######.# #.###.. #.#
#. ♣♣♣ ##.# ♣ ♣♣♣♣♣
#..#########
#♣♣♣♣...♣♣♣♣#..........###
#...........#..####†......


You could see a kobold (ally target) and a friendly bat (summoned).

Vanquished Creatures
  An endoplasm (D:1)
  A quokka (D:1)
2 creatures vanquished.

Vanquished Creatures (collateral kills)
  A kobold (D:1)
1 creature vanquished.

Grand Total: 3 creatures vanquished

Notes
Turn   | Place    | Note
-------+----------+-------------------------------------------
     0 | D:1      | Cheeritup the Tengu Summoner began the quest for the Orb.
     0 | D:1      | Reached XP level 1. HP: 10/10 MP: 4/4
   371 | D:1      | Reached skill level 5 in Summonings
   434 | D:1      | Slain by a kobold

Illustrated notes

Levels and vault maps discovered:
D:1:      giann_forest_graveyard, layout_loops_ring,
          chequers_serial_rivers_room_b

Skill      XL: |  1 |
---------------+----+-----
Summonings     | 5 |  5.1
Dodging        | |  2.1
Stealth        | |  2.0
Spellcasting   | |  2.0

Action                   || total
-------------------------++-------
Melee: Club              ||     6
       Unarmed           ||     4
       Peck              ||     4
 Cast: Summon Small Mamm ||     4
Dodge: Dodged            ||     4

Table legend: (Time is in decaauts)
 A = Elapsed time spent in this place.
 B = Non-inter-level travel time spent in this place.
 C = Inter-level travel time spent in this place.
 D = Time resting spent in this place.
 E = Time spent auto-exploring this place.
 F = Levels seen in this place.
 G = Mean time per level.
                   A        B        C        D        E       F      G
               +--------+--------+--------+--------+--------+-----+--------+
         Total |    438 |    438 |      0 |    286 |     96 |   1 |  438.0 |
       Dungeon |    438 |    438 |      0 |    286 |     96 |   1 |  438.0 |
               +--------+--------+--------+--------+--------+-----+--------+

Top non-repeatable levels by time:
     D:1: 438 daAuts
